 Dungeon Crawl Stone Soup version 0.28.0 (webtiles) character file.

Game seed: 8295286816074404412

828 Dani the Ruffian (level 7, -12/68 HPs)
             Began as a Troll Fighter on Feb 7, 2022.
             Was a Believer of Jiyva.
             Mangled by an orc warrior (15 damage)
             ... on level 5 of the Dungeon.
             The game lasted 00:13:17 (4664 turns).

Dani the Ruffian (Troll Fighter)                    Turns: 4664, Time: 00:13:17

Health: -12/68     AC:  5    Str: 26 (29) XL:     7   Next: 64%
Magic:  6/6        EV:  8    Int:  2 (4)  God:    Jiyva [**....]
Gold:   135        SH:  8    Dex:  6 (9)  Spells: 6/6 levels left

rFire   . . .      SeeInvis .     - Unarmed
rCold   . . .      Faith    .   b - +1 kite shield
rNeg    . . .      Spirit   .   a - +0 robe
rPois   .          Reflect  .   (helmet restricted)
rElec   .          Harm     .   n - +0 cloak
rCorr   +          Rampage  .   (gloves unavailable)
Will    .....                   (boots unavailable)
Stlth   +.........              (no amulet)
HPRegen 1.97/turn               (no ring)
MPRegen 0.40/turn               (no ring)

@: brilliant, flying
A: large, unfitting armour, claws 3, regeneration 1, shaggy fur 1, tough skin 1,
mutation resistance 1, strong 1
a: Renounce Religion


You were on level 5 of the Dungeon.
You worshipped Jiyva.
Jiyva was pleased with you.
You visited 1 branch of the dungeon, and saw 6 of its levels.
You also visited: Sewer.

You collected 135 gold pieces.

Inventory:

Missiles
 g - 2 large rocks (quivered)
Armour
 a - a +0 robe (worn)
 b - a +1 kite shield (worn)
 f - a scarf of repulsion
   (You found it on level 1 of the Dungeon)
 n - a +0 cloak (worn)
   (You found it on level 4 of the Dungeon)
Jewellery
 e - a ring of wizardry
   (You found it on level 1 of the Dungeon)
 o - a ring of poison resistance
   (You found it on level 5 of the Dungeon)
Wands
 I - a wand of iceblast (9)
   (You found it on level 3 of the Dungeon)
Scrolls
 j - a scroll of enchant armour
 k - a scroll of magic mapping {unknown}
 p - a scroll of identify {unknown}
 q - a scroll of immolation {unknown}
 r - a scroll of teleportation {unknown}
Potions
 c - a potion of might
 h - a potion of flight
 i - 3 potions of mutation
 m - a potion of invisibility {unknown}
 y - a potion of degeneration


   Skills:
 + Level 3.7 Fighting
 + Level 2.5 Armour
 + Level 3.7 Dodging
 + Level 3.7 Shields
 * Level 5.4 Unarmed Combat


You had 6 spell levels left.
You didn't know any spells.
Your spell library contained the following spells:

 Spells                   Type           Power      Damage    Failure   Level
 Conjure Flame            Conj/Fire      0%         6-21      99%         3
 Ignite Poison            Fire/Tmut/Pois 0%         N/A       99%         3
 Mephitic Cloud           Conj/Pois/Air  0%         N/A       99%         3
 Summon Guardian Golem    Hex/Summ       0%         N/A       99%         3
 Sticky Flame             Conj/Fire      0%         2d3       100%        4
 Freezing Cloud           Conj/Ice/Air   0%         6-21      100%        5
 Orb of Destruction       Conj           0%         9d5       100%        7
 Spellforged Servitor     Conj/Summ      0%         N/A       100%        7


Dungeon Overview and Level Annotations

Branches:
Dungeon (6/15)             Temple (0/1) D:4           Sewer (visited)

Altars:
Ashenzari
Cheibriados
Elyvilon
Fedhas
Gozag
Xom
Yredelemnul

Annotations:
D:3 1 runed translucent door, Oswald's ghost, amateur NaAM


Innate Abilities, Weirdness & Mutations

You are too large for most types of armour.
You have claws for hands.
Your natural rate of healing is unusually fast.
You are covered in fur. (AC +1)
You have tough skin. (AC +1)
You are somewhat resistant to further mutation.
Your muscles are strong. (Str +2)


Message History

An orc wizard comes into view. It is wielding a +0 dagger.
The orc wizard shouts!
The orc warrior throws a boomerang.
The boomerang hits you!
* * * LOW HITPOINT WARNING * * *
A centaur zombie comes into view.
An orc comes into view. It is wielding a +0 dagger.
The orc wizard casts a spell.
The orc wizard flickers and vanishes!
Deactivating autopickup; reactivate with Ctrl-A.
The orc shouts!
The orc warrior throws a boomerang.
The boomerang barely misses you.
Found 14 gold pieces.
There is a stone staircase leading up here.
You hear some strange, mumbled words.
You are confused.
The centaur zombie hits you.
The centaur zombie kicks you but does no damage.
The centaur zombie hits you but does no damage.
The centaur zombie barely misses you.
In your confused state, you trip and fall back down the stairs.
The orc wizard hits you with a +0 dagger.
The centaur zombie barely misses you.
The centaur zombie kicks you but does no damage.
The centaur zombie hits you but does no damage.
The centaur zombie kicks you but does no damage.
Something hits you.
You writhe in agony.
The orc wizard hits you but does no damage.
The orc warrior hits you with a +3 flail!
You climb upwards.
Reactivating autopickup.
There is a stone staircase leading down here.
You claw the orc wizard!
The orc wizard is severely wounded.
Something hits you.
You writhe in agony.
Deactivating autopickup; reactivate with Ctrl-A.
The orc wizard casts a spell.
The orc wizard flickers and vanishes!
The orc warrior barely misses you.
You bump into the translucent rock wall.
You feel less confused. Something hits you but does no damage.
Something hits you.
The orc warrior hits you with a +3 flail!
* * * LOW HITPOINT WARNING * * *
You scratch something.
Reactivating autopickup.
You feel a bit more experienced. Something hits you.
* * * LOW HITPOINT WARNING * * *
Deactivating autopickup; reactivate with Ctrl-A.
The orc warrior hits you with a +3 flail!
* * * LOW HITPOINT WARNING * * *
Aiming: Paralyse
Press: ? - help, Shift-Dir - straight line, f - orc warrior
Aim: an orc warrior, wielding a +3 flail, wearing a +0 plate armour and quivering boomerangs (chance to affect: 49%)
The orc warrior resists with some effort.
You hear some strange, mumbled words.
A magic dart appears from out of thin air!
The magic dart hits you.
* * * LOW HITPOINT WARNING * * *
You block the orc warrior's attack.
Aiming: Paralyse
Press: ? - help, Shift-Dir - straight line, f/p - orc warrior
Aim: an orc warrior, wielding a +3 flail, wearing a +0 plate armour and quivering boomerangs (chance to affect: 49%)
The orc warrior resists with some effort.
Something hits you.
* * * LOW HITPOINT WARNING * * *
The orc warrior hits you with a +3 flail!
* * * LOW HITPOINT WARNING * * *
Okay, then.
Okay, then.
Aiming: Paralyse
Press: ? - help, Shift-Dir - straight line, f/p - orc warrior
Aim: an orc warrior, wielding a +3 flail, wearing a +0 plate armour and quivering boomerangs (chance to affect: 49%)
The orc warrior resists with some effort.
The now-empty wand crumbles to dust.
Something hits you but does no damage. You block the orc warrior's attack.
You don't have any such object.
Evoke which item? (* to show all) (? for menu, Esc to quit)
That's the wrong kind of item! (Use * to select it.) Evoke which item? (* to show all) (? for menu, Esc to quit)
Okay, then.
It was a potion of mutation.
You feel extremely strange.
You feel genetically stable.
You feel stronger. Something hits you.
* * * LOW HITPOINT WARNING * * *
You block the orc warrior's attack.
It was a potion of degeneration.
There was something very wrong with that liquid.
You feel weakened.
You feel dopey.
You feel clumsy.
y - a potion of degeneration Something hits you but does no damage.
The orc warrior barely misses you.
It was a potion of flight.
You feel very buoyant.
You fly up into the air.
Something hits you.
* * * LOW HITPOINT WARNING * * *
The orc warrior hits you with a +3 flail!
* * * LOW HITPOINT WARNING * * *
It was a potion of brilliance.
You feel clever all of a sudden. Something hits you but does no damage.
The orc warrior hits you with a +3 flail!
You die...

.# #................#.......#
.# #..................##.#..#
## #...............##J##....#
#...............##.###...##
#.........####..#....J....#
####...........##..#..###.#.##
#.........####.##..#..# #.#.#
#.######### ########..# #.#.#
###.###.# ##@## #..# #.#.#
........######8{)o8###..###.#.#
.##.###...#.##.....##.....#.#.#
.##.# #.....#8.....8#.....#.#.#
.##.# #..##.##.....########.#.#
.##.# #..#..##8...8# #......#[#
.##.# #..#..##.....# #.######.#
.##.# #..#.##8.....8 #.# #.#
.##.# #..#.# #.....# #.# #.#


You could see an orc warrior.

Vanquished Creatures
  Sigmund (D:3)
  A necrophage (D:4)
  A black bear (D:5)
  A scorpion (D:4)
  A water moccasin skeleton (D:3)
  A howler monkey (D:5)
  2 centaur zombies (D:5)
  2 hounds (D:5)
  A jelly (Sewer)
  An orc wizard (D:5)
  2 hound skeletons
  6 adders
  A river rat (D:3)
  6 worms
  2 dart slugs (D:4)
  3 orcs
  13 endoplasms
  6 giant cockroaches
  4 goblins
  2 hobgoblins
  6 kobolds
  5 quokkas
  9 ball pythons
  7 bats
  8 frilled lizards
  12 rats
104 creatures vanquished.

Vanquished Creatures (others)
  A phantom (D:5)
  A wyvern zombie (D:5)
  6 jellies (D:5)
  A hound (D:4)
  An iguana (D:5)
  Terence (D:3)
  An adder skeleton (D:4)
  A worm (D:5)
  2 endoplasms
  An orc (D:3)
  2 giant cockroaches (D:3)
  A kobold (D:6)
  6 fungi (D:6)
  8 toadstools (D:6)
33 creatures vanquished.

Grand Total: 137 creatures vanquished

Notes
Turn   | Place    | Note
-------+----------+-------------------------------------------
     0 | D:1      | Dani the Troll Fighter began the quest for the Orb.
     0 | D:1      | Reached XP level 1. HP: 22/22 MP: 0/0
   251 | D:1      | Reached XP level 2. HP: 29/29 MP: 1/1
  1124 | D:2      | Reached XP level 3. HP: 36/36 MP: 2/2
  1226 | D:2      | Reached skill level 3 in Unarmed Combat
  1635 | D:3      | Reached XP level 4. HP: 44/44 MP: 3/3
  1640 | D:3      | Found a glowing drain.
  1664 | D:3      | Reached skill level 1 in Armour
  1687 | Sewer    | Entered a sewer
  1906 | Sewer    | Reached skill level 3 in Dodging
  1911 | Sewer    | Found a viscous altar of Jiyva.
  1913 | Sewer    | Reached XP level 5. HP: 52/52 MP: 4/4
  1937 | Sewer    | Became a worshipper of Jiyva Joklutti the Shapeless
  2051 | D:3      | Found a runed translucent door.
  2055 | D:3      | Reached skill level 3 in Shields
  2063 | D:3      | Found a faded altar of an unknown god.
  2096 | D:3      | Reached skill level 3 in Fighting
  2113 | D:3      | Noticed Sigmund
  2119 | D:3      | Killed Sigmund
  2120 | D:3      | Reached skill level 4 in Unarmed Combat
  2120 | D:3      | Reached XP level 6. HP: 41/61 MP: 5/5
  2662 | D:3      | Noticed Oswald's ghost (amateur NaAM)
  2673 | D:3      | Killed Terence
  2739 | D:3      | Found an opulent altar of Gozag.
  2739 | D:3      | Found a broken altar of Ashenzari.
  2739 | D:3      | Found a blossoming altar of Fedhas.
  2739 | D:3      | Found a snail-covered altar of Cheibriados.
  2742 | D:3      | Reached * piety under Jiyva
  2753 | D:3      | Found a shimmering altar of Xom.
  2753 | D:3      | Found a basalt altar of Yredelemnul.
  2852 | D:4      | Found a staircase to the Ecumenical Temple.
  3003 | D:4      | Reached skill level 2 in Armour
  3021 | D:4      | Reached XP level 7. HP: 67/67 MP: 6/6
  3468 | D:4      | Identified the +5 ring mail of Makhleb's Whim {Int+4
                  | Stlth+}
  3714 | D:5      | Entered Level 5 of the Dungeon
  3797 | D:5      | Reached skill level 5 in Unarmed Combat
  3820 | D:5      | Found a white marble altar of Elyvilon.
  3850 | D:5      | Reached ** piety under Jiyva
  4659 | D:5      | HP: 4/68 [orc warrior (16)]
  4661 | D:5      | Gained mutation: You are somewhat resistant to further
                  | mutation. [potion of mutation]
  4661 | D:5      | Gained mutation: Your muscles are strong. (Str +2) [potion
                  | of mutation]
  4663 | D:5      | HP: 1/68 [orc warrior (7)]
  4664 | D:5      | Mangled by an orc warrior

Illustrated notes

Levels and vault maps discovered:
D:1:      amcnicky_arrival_wind_blow, layout_loops_corners
D:2:      layout_basic
D:3:      layout_rooms, minmay_overflow_temple_hex, portal_sewer_entry_b,
          basic_ecumenical_altar, serial_co_window_serial, co_window_corner_a,
          co_window_paths_a, co_window_paths_b, co_window_paths_b,
          co_window_cross_1, co_window_corner_a, co_window_corner_a,
          co_window_of_opportunity_c, co_window_broadway_c, co_window_2corner,
          co_window_cross_4, glass_columns_a, ebering_ghost_sewer_d,
          uniq_terence, uniq_sigmund
D:4:      layout_loops_ring, minmay_temple_entry_waves
D:5:      layout_basic, nicolae_overflow_hidden_temple,
          kennysheep_generic_room_9
D:6:      cheibrodos_fertilizer, layout_layer_cave, uniq_blork_the_orc

Skill      XL: |  1  2  3  4  5  6  7 |
---------------+----------------------+-----
Unarmed Combat | 3 4 5 |  5.4
Armour         | 1 2 |  2.5
Dodging        | 3 |  3.7
Shields        | 3 |  3.7
Fighting       | 3 |  3.7

Action                   |  1- 3 |  4- 6 |  7- 9 || total
-------------------------+-------+-------+-------++-------
Melee: Unarmed           |   100 |   149 |    55 ||   304
Evoke: Wand              |       |       |     3 ||     3
  Use: Scroll            |     3 |       |       ||     3
       Potion            |       |       |     4 ||     4
 Stab: Sleeping          |     1 |       |       ||     1
Armor: Robe              |    23 |    49 |    34 ||   106
Dodge: Dodged            |    43 |    31 |    35 ||   109
Block: Kite shield       |    36 |    55 |    32 ||   123

Table legend: (Time is in decaauts)
 A = Elapsed time spent in this place.
 B = Non-inter-level travel time spent in this place.
 C = Inter-level travel time spent in this place.
 D = Time resting spent in this place.
 E = Time spent auto-exploring this place.
 F = Levels seen in this place.
 G = Mean time per level.
                   A        B        C        D        E       F      G
               +--------+--------+--------+--------+--------+-----+--------+
         Total |   4713 |   4459 |    254 |    153 |   3062 |   7 |  673.3 |
       Dungeon |   4420 |   4166 |    254 |    153 |   2945 |   6 |  736.7 |
         Sewer |    292 |    292 |      0 |      0 |    117 |   1 |  292.0 |
               +--------+--------+--------+--------+--------+-----+--------+

Top non-repeatable levels by time:
     D:3: 1071 daAuts
     D:1: 930 daAuts
     D:5: 894 daAuts
     D:4: 866 daAuts
     D:2: 598 daAuts
   Sewer: 292 daAuts
     D:6: 58 daAuts

Table legend:
 A = Kills in this place as a percentage of kills in entire the game.
 B = Kills by you in this place as a percentage of kills by you in the entire game.
 C = Kills by friends in this place as a percentage of kills by friends in the entire game.
 D = Other kills in this place as a percentage of other kills in the entire game.
 E = Experience gained in this place as a percentage of experience gained in the entire game.
 F = Experience gained in this place divided by the number of levels of this place that you have seen.
                   A       B       C       D       E      F
               +-------+-------+-------+-------+-------+----------------------
         Total | 100.0 | 100.0 |   N/A |   N/A | 100.0 | 169.0
       Dungeon |  74.0 |  74.0 |   N/A |   N/A |  91.4 | 180.2
         Sewer |  26.0 |  26.0 |   N/A |   N/A |   8.6 | 102.0
               +-------+-------+-------+-------+-------+----------------------
